 Dungeon Crawl Stone Soup version 0.28.0-49-g6dfe1f597d (webtiles) character file.

Game seed: 2966323230473869180

134 Atelerd the Digger (level 5, -4/31 HPs)
             Began as an Octopode Earth Elementalist on May 15, 2022.
             Slain by a gnoll
             ... wielding a +0 flail
              (6 damage)
             ... on level 2 of the Dungeon.
             The game lasted 00:02:41 (2757 turns).

Atelerd the Digger (Octopode Earth Elementalist)    Turns: 2757, Time: 00:02:41

Health: -4/31      AC:  1    Str:  7    XL:     5   Next: 17%
Magic:  0/8        EV: 13    Int: 19    God:
Gold:   46         SH:  0    Dex: 13    Spells: 7/8 levels left

rFire   . . .      SeeInvis .   c - +0 dagger
rCold   . . .      Faith    .   (no shield)
rNeg    . . .      Spirit   .   (helmet restricted)
rPois   .          Reflect  .   (no amulet)
rElec   .          Harm     .   (no ring)
rCorr   .          Rampage  .   (no ring)
Will    .....                   (no ring)
Stlth   +++.......              (no ring)
HPRegen 0.10/turn               (no ring)
MPRegen 0.11/turn               (no ring)
                                (no ring)
                                (no ring)

@: mighty, very slightly contaminated
A: almost no armour, amphibious, 8 rings, camouflage 1, gelatinous body 1,
(nimble swimmer 1), tentacles
a: no special abilities


You were on level 2 of the Dungeon.
You visited 1 branch of the dungeon, and saw 3 of its levels.

You collected 46 gold pieces.

Inventory:

Hand Weapons
 a - a +0 falchion
 c - a +0 dagger (weapon)
Missiles
 b - 74 stones
Scrolls
 d - a scroll of amnesia {unknown}
 e - a scroll of holy word {unknown}
 g - a scroll of enchant armour {unknown}
 h - a scroll of teleportation {unknown}
 j - a scroll of noise {unknown}
 k - a scroll of identify {unknown}
Potions
 i - a potion of attraction {unknown}


   Skills:
 - Level 2.0 Dodging
 + Level 3.8 Stealth
 + Level 2.4 Spellcasting
 * Level 2.7 Transmutations
 * Level 4.2 Earth Magic


You had 7 spell levels left.
You knew the following spells:

 Your Spells              Type           Power      Damage    Failure   Level
a - Sandblast             Erth           36%        2d10      2%          1

Your spell library contained the following spells:

 Spells                   Type           Power      Damage    Failure   Level
 Passwall                 Tmut/Erth      12%        N/A       6%          2
 Stone Arrow              Conj/Erth      20%        3d8       21%         3
 Petrify                  Tmut/Erth      15%        N/A       36%         4


Dungeon Overview and Level Annotations

Branches:
Dungeon (3/15)

Altars:

Shops:
D:2 =


Innate Abilities, Weirdness & Mutations

You cannot wear most types of armour.
You are amphibious.
You can wear up to eight rings at the same time.
Your skin changes colour to match your surroundings (Stealth+).
Your rubbery body absorbs attacks. (AC +1, EV +1)
((You are camouflaged when in or above water. (Stealth+)))
You have tentacles for arms and can constrict up to eight enemies at once.


Message History

Anything else - Cancel.
You shout for attention!
The gnoll shouts! x3; You hear a shout!
A ball python comes into view.
There is a stone staircase leading up here.
The blast of sand hits the ball python!
You kill the ball python!
The blast of sand hits the gnoll!
The gnoll is severely wounded.
The blast of sand hits the gnoll!
You kill the gnoll!
You have reached level 5!
You feel agile.
You start resting.
A gnoll is nearby!
You can't see any susceptible monsters within range! (Use Z to cast anyway.)
You can't see any susceptible monsters within range! (Use Z to cast anyway.)
You can't see any susceptible monsters within range! (Use Z to cast anyway.)
The blast of sand hits the gnoll!
The gnoll is severely wounded.
A gnoll comes into view. It is wielding a +0 club.
The blast of sand hits the gnoll!
You kill the gnoll!
The gnoll shouts!
The blast of sand misses the gnoll.
The blast of sand hits the gnoll.
The gnoll is lightly wounded.
The gnoll hits you with a +0 flail!
You miscast Sandblast.
You are very lightly contaminated with residual magic.
Nothing appears to happen.
The gnoll hits you with a +0 flail!
You are too injured to fight recklessly!
You are too injured to fight recklessly!
The gnoll hits you with a +0 flail!
* * * LOW HITPOINT WARNING * * *
You climb upwards.
There is a stone staircase leading down here.
It was a potion of might.
You feel very mighty all of a sudden. The gnoll hits you with a +0 flail.
You die...

..# #.#..#.......#### ..#
#.#..#####......# ### #....#
#.#.##.# .# ##...## #.#.##.#
.### #....# #.#.##.# ...#
#..#.####.#.##.### ##.#
#.........#......#
...##########.##g#########.#.#
##..............@# #.#.#
.#.##########...## #.#.# .#.#
##### #.#†# .#.# #.#.# .#.#
#...# ##.# ##### ...# ####


You could see a gnoll.

Vanquished Creatures
  A jelly (D:2)
  5 gnolls
  A worm (D:2)
  A dart slug (D:2)
  An orc (D:3)
  4 bats
  9 endoplasms (D:2)
  4 goblins
  2 hobgoblins (D:1)
  4 jackals (D:2)
  11 kobolds
  A ball python (D:3)
  3 frilled lizards
  A rat (D:2)
48 creatures vanquished.

Vanquished Creatures (others)
  2 fungi (D:2)
  4 plants (D:3)
  12 toadstools (D:2)
18 creatures vanquished.

Grand Total: 66 creatures vanquished

Notes
Turn   | Place    | Note
-------+----------+-------------------------------------------
     0 | D:1      | Atelerd the Octopode Earth Elementalist began the quest for
                  | the Orb.
     0 | D:1      | Reached XP level 1. HP: 11/11 MP: 3/3
   126 | D:1      | Reached XP level 2. HP: 10/17 MP: 3/5
   395 | D:1      | Found a faded altar of an unknown god.
  1190 | D:2      | Reached XP level 3. HP: 13/21 MP: 3/6
  1557 | D:2      | Reached XP level 4. HP: 25/27 MP: 7/7
  1922 | D:2      | Reached skill level 4 in Earth Magic
  2055 | D:2      | Found Reot's One-of-a-Kind Rings.
  2748 | D:3      | Reached XP level 5. HP: 31/31 MP: 4/8
  2755 | D:3      | HP: 1/31 [gnoll/+0 flail (13)]
  2757 | D:2      | Slain by a gnoll

Illustrated notes

Levels and vault maps discovered:
D:1:      onia_arrival_pentagram, layout_rooms, ebering_ecumenical_altar_box,
          minmay_liquid_box
D:2:      cheibrodos_fertilizer, layout_basic, nicolae_shop_unique_rings
D:3:      layout_basic, serial_bayou_lagoon_a

Skill      XL: |  1  2  3  4 |
---------------+-------------+-----
Stealth        | 3 |  3.8
Transmutations | 2 |  2.7
Earth Magic    | 4 |  4.2
Dodging        | |  2.0
Spellcasting   | |  2.4

Action                   |  1- 3 |  4- 6 || total
-------------------------+-------+-------++-------
Melee: Falchion          |    16 |       ||    16
       Constrict         |    18 |     6 ||    24
       Tentacles         |    11 |     6 ||    17
       Punch             |     2 |       ||     2
       Dagger            |    31 |    22 ||    53
 Cast: Sandblast         |    12 |    22 ||    34
  Use: Potion            |       |     1 ||     1
 Stab: Sleeping          |     2 |     5 ||     7
Armor: Skin              |     7 |     2 ||     9
Dodge: Dodged            |    37 |    20 ||    57
